 Dungeon Crawl Stone Soup version 0.18.1-47-g9310371 (webtiles) character file.

144 Arantyr the Sneak (level 5, -1/24 HPs)
             Began as a Spriggan Enchanter on June 21, 2016.
             Slain by Sigmund
             ... wielding a +0 scythe
              (7 damage)
             ... on level 3 of the Dungeon.
             The game lasted 00:18:45 (2494 turns).

Arantyr the Sneak (Spriggan Enchanter)              Turns: 2494, Time: 00:18:45

Health: -1/24      AC:  3    Str:  5    XL:     5   Next: 5%
Magic:  3/11       EV: 18    Int: 17    God:
Gold:   148        SH:  0    Dex: 16    Spells: 2 memorised, 8 levels left

rFire  . . .     SeeInvis +     a - +1 dagger
rCold  . . .     Gourm    .     n - +0 robe (curse)
rNeg   . . .     Faith    .     (shield restricted)
rPois  .         Spirit   .     (helmet restricted)
rElec  .         Dismiss  .     m - +0 cloak
rCorr  .         Reflect  .     (gloves unavailable)
SustAt .         Harm     .     (boots unavailable)
MR     .....                    (no amulet)
Stlth  ++++......               (no ring)
                                (no ring)

@: very slightly contaminated, very quick, not resistant to hostile
enchantments, stealthy
A: unfitting armour, see invisible, herbivore 3, speed 3, slow metabolism 2
a: no special abilities


You were on level 3 of the Dungeon.
You were full.

You visited 1 branch of the dungeon, and saw 3 of its levels.

You collected 148 gold pieces.

Inventory:

Hand Weapons
 a - a +1 dagger (weapon)
 g - a +0 hunting sling
Missiles
 e - 37 stones (quivered)
 l - 11 poisoned needles
Armour
 b - a +1 robe
 k - a +0 animal skin
 m - a +0 cloak (worn)
 n - a cursed +0 robe (worn)
Scrolls
 h - 2 scrolls of amnesia {unknown}
 j - a scroll of remove curse {unknown}
 o - a scroll of identify
Potions
 f - a potion of curing
 i - 2 potions of might {unknown}
Books
 c - a book of Maledictions

   Spells                             Type                      Level
   a - Corona                         Hexes                        1
   b - Ensorcelled Hibernation        Hexes/Ice                    2
   c - Confuse                        Hexes                        3
   d - Tukima's Dance                 Hexes                        3
   e - Dazzling Spray                 Conjuration/Hexes            3
Comestibles
 d - 2 bread rations


   Skills:
 * Level 1.7 Short Blades
 - Level 3.3 Dodging
 + Level 6.6 Stealth
 + Level 3.6 Spellcasting
 + Level 4.8 Hexes
 - Level 0.1 Ice Magic


You had 8 spell levels left.
You knew the following spells:

 Your Spells              Type           Power        Failure   Level  Hunger
a - Corona                Hex            ###....      2%          1    None
b - Ensorcelled Hibernat  Hex/Ice        ##....       12%         2    ##.....


Dungeon Overview and Level Annotations

Branches:
Dungeon (3/15)

Altars:
Elyvilon
Trog

Annotations:
D:3 Sigmund


Innate Abilities, Weirdness & Mutations

You are tiny and cannot use many weapons and most armour.
You have supernaturally acute eyesight.
You are a herbivore.
You cover ground extremely quickly.
You need consume almost no food.


Message History

Casting: Ensorcelled Hibernation
Confirm with . or Enter, or press ? or * to list all spells.
Aiming: Ensorcelled Hibernation
Press: ? - help, Shift-Dir - straight line, f/p - Sigmund
Aim: Sigmund, wielding a scythe and wearing a robe (almost dead, slightly transparent, not susceptible) Sigmund is unaffected.
Sigmund points at you and mumbles some strange words.
The puff of flame hits you!
Casting: Ensorcelled Hibernation
Confirm with . or Enter, or press ? or * to list all spells.
Aiming: Corona
Press: ? - help, Shift-Dir - straight line, f/p - Sigmund
Aim: Sigmund, wielding a scythe and wearing a robe (almost dead, slightly transparent, chance to defeat MR: 66%) Sigmund is outlined in light.
Sigmund hits you with a scythe!
Ouch! That really hurt!
* * * LOW HITPOINT WARNING * * *
You hit Sigmund but do no damage.
Sigmund is almost dead.
Sigmund hits you with a scythe!
You die...

#..# #..# #..#
##..#####
##....... ..
##.....##
...!###.......#
........@.[...#
....###..@....#
. ##.....##
##..<รท# ####.#
#.# #.. ####


You could see Sigmund (invisible).

Vanquished Creatures
  Jessica (D:2)
  7 adders
  An ooze (D:2)
  4 giant geckos
  A ball python (D:2)
  6 bats
  A giant cockroach (D:2)
  3 goblins
  12 hobgoblins
  A jackal (D:2)
  2 giant newts (D:1)
  A kobold (D:1)
  9 rats
49 creatures vanquished.

Notes
Turn   | Place    | Note
--------------------------------------------------------------
     0 | D:1      | Arantyr the Spriggan Enchanter began the quest for the Orb.
     0 | D:1      | Reached XP level 1. HP: 9/9 MP: 5/5
   192 | D:1      | Reached XP level 2. HP: 6/13 MP: 3/6
   393 | D:1      | Learned a level 2 spell: Ensorcelled Hibernation
  1099 | D:1      | Reached XP level 3. HP: 16/16 MP: 8/8
  1121 | D:1      | Reached skill level 5 in Stealth
  1276 | D:2      | Found a white marble altar of Elyvilon.
  1472 | D:2      | Noticed Jessica
  1475 | D:2      | Killed Jessica
  1475 | D:2      | Reached XP level 4. HP: 21/21 MP: 9/9
  1607 | D:2      | Found a bloodstained altar of Trog.
  1637 | D:2      | Reached skill level 6 in Stealth
  2097 | D:3      | Noticed Sigmund
  2169 | D:3      | Reached XP level 5. HP: 24/24 MP: 8/11
  2494 | D:3      | Slain by Sigmund

Skill      XL: |  1  2  3  4 |
---------------+-------------+-----
Hexes          | 4 |  4.8
Stealth        | 5 6 |  6.6
Spellcasting   | 3 |  3.6
Short Blades   | |  1.7
Dodging        | |  3.3
Ice Magic      | |  0.1

Action                   |  1- 3 |  4- 6 || total
-------------------------+-------+-------++-------
Melee: Dagger            |    86 |    22 ||   108
 Cast: Corona            |    12 |     1 ||    13
       Ensorcelled Hiber |    17 |    30 ||    47
  Use: Scroll            |       |     5 ||     5
 Stab: Sleeping          |    21 |    17 ||    38
  Eat: Bread ration      |       |     1 ||     1
Armor: Robe              |    20 |     3 ||    23
Dodge: Dodged            |    96 |    20 ||   116
